 Dungeon Crawl Stone Soup version 0.23-a0-837-ga3e6480 (console) character file.

353 bli the Slasher (level 6, 0/48 HPs)
             Began as a Barachi Monk on Jan 24, 2019.
             Slain by a phantom (6 damage)
             ... on level 4 of the Dungeon.
             The game lasted 00:07:44 (2966 turns).

bli the Slasher (Barachi Monk)                      Turns: 2966, Time: 00:07:45

Health: 0/48       AC:  5    Str: 13    XL:     6   Next: 62%
Magic:  6/6        EV: 14    Int: 11    God:
Gold:   136        SH:  4    Dex: 15    Spells: 5/5 levels left

rFire    . . .     SeeInvis .   a - +0 falchion
rCold    . . .     Gourm    .   i - +0 buckler
rNeg     . . .     Faith    .   p - +2 robe {MR+}
rPois    .         Spirit   .   (no helmet)
rElec    .         Reflect  .   r - +0 cloak
rCorr    .         Harm     .   (no gloves)
MR       +....                  (no boots)
Stlth    ++........             (no amulet)
HPRegen  0.16/turn              (no ring)
MPRegen  0.10/turn              (no ring)

@: slow
A: +LOS, swims, slowness 1, strong legs 1
a: Hop


You were on level 4 of the Dungeon.
You were hungry.

You visited 1 branch of the dungeon, and saw 4 of its levels.

You collected 136 gold pieces.

Inventory:

Hand Weapons
 a - a +0 falchion (weapon)
 o - a +2 vampiric dagger
Missiles
 j - 43 stones (quivered)
 m - 19 sling bullets
Armour
 g - a +0 ring mail
 i - a +0 buckler (worn)
 k - a cursed +0 chain mail
 l - a +0 leather armour
 p - a +2 robe of magic resistance (worn)
 r - a +0 cloak (worn)
Scrolls
 b - 3 scrolls of identify {unknown}
 e - 2 scrolls of enchant weapon {unknown}
 f - a scroll of teleportation {unknown}
 h - 3 scrolls of blinking {unknown}
 n - 2 scrolls of noise {unknown}
 t - a scroll of remove curse {unknown}
Potions
 d - a potion of resistance {unknown}
 s - 2 potions of curing {unknown}
Comestibles
 c - 3 rations
 q - 8 chunks of flesh


   Skills:
 + Level 4.3 Fighting
 * Level 7.3 Long Blades
 - Level 4.0 Dodging
 + Level 2.2 Stealth
 * Level 2.1 Shields


You had 5 spell levels left.
You didn't know any spells.
Your spell library was empty.

Dungeon Overview and Level Annotations

Branches:
Dungeon (4/15)
 Temple: D:4-7

Altars:

Annotations:
D:3 Grinder, Robin


Innate Abilities, Weirdness & Mutations

Shadows flee at your approach. (+LOS)
You can swim through water.
You cover ground slowly.
You can hop short distances.


Message History

You barely miss the phantom.
The phantom is almost destroyed.
The phantom blinks!
The phantom blinks!
The phantom blinks!
The phantom blinks!
You are feeling hungry.
The phantom blinks!
You hit the phantom.
The phantom is almost destroyed.
The phantom blinks!
You hear the hiss of a very distant avalanche of sand.
The phantom hits you.
* * * LOW HITPOINT WARNING * * *
The phantom blinks!
The phantom misses you.
You barely miss the phantom.
The phantom is severely damaged.
The phantom hits you.
You die...

#.###...#..#
###.........######
##......#...###...####
#.....###..####......#
....#...###............#
....##...#.............#
.....#..........)......#
......................##
.............#.........#
................W...#..#.#
..........<..##.@..##.....
.............###............
.......#..................##
#..###.###.........#......#
... .. ..........###...## ..
... ............ #### [.
............# ..............
#.(..<..........
.............


You could see a phantom.

Vanquished Creatures
  An ogre (D:3)
  A centaur (D:2)
  Crazy Yiuf (D:2)
  Jessica (D:2)
  A worker ant (D:4)
  Natasha (D:3)
  5 adders
  A worm (D:2)
  A giant cockroach (D:3)
  5 goblins
  9 hobgoblins
  6 jackals
  4 kobolds
  A quokka (D:2)
  3 bats
  4 rats
45 creatures vanquished.

Notes
Turn   | Place    | Note
-------+----------+-------------------------------------------
     0 | D:1      | bli the Barachi Monk began the quest for the Orb.
     0 | D:1      | Reached XP level 1. HP: 18/18 MP: 1/1
   295 | D:1      | Reached skill level 4 in Long Blades
   295 | D:1      | Reached XP level 2. HP: 14/25 MP: 2/2
  1011 | D:2      | Reached XP level 3. HP: 29/30 MP: 3/3
  1447 | D:2      | Noticed a centaur
  1495 | D:2      | Killed a centaur
  1495 | D:2      | Reached skill level 5 in Long Blades
  1495 | D:2      | Reached skill level 1 in Shields
  1495 | D:2      | Reached XP level 4. HP: 7/37 MP: 4/4
  1495 | D:2      | Reached XP level 5. HP: 8/42 MP: 5/5
  1946 | D:2      | Noticed Jessica
  1954 | D:2      | Killed Jessica
  1954 | D:2      | Reached skill level 6 in Long Blades
  2004 | D:2      | Found a runed door.
  2008 | D:2      | Noticed Crazy Yiuf
  2020 | D:2      | Killed Crazy Yiuf
  2370 | D:3      | Noticed Robin
  2514 | D:3      | Noticed Grinder
  2596 | D:3      | Noticed Natasha
  2607 | D:3      | Killed Natasha
  2607 | D:3      | Reached XP level 6. HP: 19/48 MP: 6/6
  2833 | D:4      | Noticed a phantom
  2858 | D:3      | Reached skill level 7 in Long Blades
  2966 | D:4      | Slain by a phantom

Vault maps used:
D:1:      minmay_arrival_five_plusses
D:2:      uniq_crazy_yiuf_cottage, uniq_jessica
D:3:      minmay_razor_zed, okawaru_metal_pillars_1_2, uniq_grinder,
          uniq_natasha, uniq_robin
D:4:      nicolae_ossuary_entry_monument, uniq_sigmund, uniq_pikel

Skill      XL: |  1  2  3  4  5  6 |
---------------+-------------------+-----
Long Blades    | 4 5 6 7 |  7.3
Fighting       | 4 |  4.3
Stealth        | 2 |  2.2
Shields        | 1 2 |  2.1
Dodging        | 4 |  4.0

Action                   |  1- 3 |  4- 6 || total
-------------------------+-------+-------++-------
Melee: Falchion          |   101 |   111 ||   212
Throw: Stone             |     2 |       ||     2
 Stab: Sleeping          |     2 |     2 ||     4
  Eat: Chunk             |     2 |     5 ||     7
Armor: Robe              |    16 |    17 ||    33
       Leather armour    |       |     1 ||     1
Dodge: Dodged            |    76 |    61 ||   137
Block: Buckler           |    11 |    14 ||    25
       Rpst.: Falchion   |    23 |    25 ||    48

Table legend:
 A = Non-vault XP
 B = Vault XP
 C = Vault XP percentage of total XP
 D = Non-vault monster count
 E = Vault monster count
 F = Vault count percentage of total count
                 A         B        C        D         E       F
            +---------+---------+-------+---------+---------+-------
      Total |     388 |     117 |  23.2 |      39 |       6 |  13.3
            +---------+---------+-------+---------+---------+-------
        D:1 |      18 |       0 |   0.0 |      10 |       0 |   0.0
        D:2 |     193 |      82 |  29.8 |      21 |       5 |  19.2
        D:3 |     141 |      35 |  19.9 |       7 |       1 |  12.5
        D:4 |      36 |       0 |   0.0 |       1 |       0 |   0.0
            +---------+---------+-------+---------+---------+-------
